General information
- name: BNet
- type: Ladder team game (AT/RT)
- host: Battle.net
- saver: BEAR_AND
map: UpperKingdom
- players: 6
- length: 12:29
- speed: Fast
- version: 1.21 W3XP
- replay type:

» download(118 KB)
Players
team 1 (winner)
BEAR_AND (
orange | 114 APM | 1428 actions | 12:29)
2 Archmage
1 Summon Water Elemental
1 Brilliance Aura
2 Mountain King
1 Storm Bolt
1 Bash
» actions
| Assign group hotkey | 24 | |
| Basic commands | 11 | |
| Build / train | 55 | |
| Enter build submenu | 21 | |
| Enter hero's abilities submenu | 4 | |
| Remove unit from queue | 6 | |
| Right click | 821 | |
| Select / deselect | 240 | |
| Select group hotkey | 194 | |
| Use ability | 52 | |
1428 total
» units
| Peasant | 7 | |
| Footman | 11 | |
| Sorceress | 7 | |
| Spell Breaker | -3 | |
22 total
» upgrades
| Masonry | 2 | |
| Defend | 1 | |
| Sorceress Training | 1 | |
| Magic Sentry | 1 | |
5 total
» buildings
| Altar of Kings | 2 | |
| Farm | 7 | |
| Barracks | 1 | |
| Lumber Mill | 1 | |
| Scout Tower | 4 | |
| Arcane Tower | 3 | |
| Arcane Vault | 1 | |
| Keep | 1 | |
| Arcane Sanctum | 2 | |
| Guard Tower | 5 | |
27 total
» build order
00:06 Altar of Kings
00:09 Altar of Kings
00:18 Farm
00:36 Barracks
00:48 Farm
01:27 Farm
01:45 Lumber Mill
02:05 Scout Tower
02:10 Farm
02:33 Arcane Tower
02:33 Arcane Tower
03:00 Arcane Vault
03:48 Keep
05:02 Farm
06:40 Arcane Sanctum
06:43 Arcane Sanctum
08:16 Farm
08:18 Farm
09:27 Scout Tower
09:27 Scout Tower
09:29 Scout Tower
09:55 Guard Tower
09:58 Arcane Tower
10:19 Guard Tower
10:58 Guard Tower
10:59 Guard Tower
10:59 Guard Tower
» items
| Ivory Tower | 5 | |
| Scroll of Regeneration | 1 | |
| Lesser Clarity Potion | 1 | |
7 total
iggy_the_fisk (
yellow | 109 APM | 1362 actions | 12:28)
3 Blademaster
2 Wind Walk
1 Critical Strike
1 Shadow Hunter
1 Hex
» actions
| Assign group hotkey | 172 | |
| Basic commands | 3 | |
| Build / train | 49 | |
| Enter build submenu | 12 | |
| Enter hero's abilities submenu | 4 | |
| Right click | 777 | |
| Select / deselect | 189 | |
| Select group hotkey | 87 | |
| Use ability | 69 | |
1362 total
» units
| Peon | 8 | |
| Grunt | 9 | |
| Raider | 4 | |
| Spirit Walker | 2 | |
23 total
» upgrades
| Berserker Strength | 1 | |
| Ensnare | 2 | |
| Pillage | 1 | |
| Spirit Walker Training | 1 | |
5 total
» buildings
| Altar of Storms | 1 | |
| Orc Burrow | 5 | |
| Barracks | 1 | |
| Voodoo Lounge | 1 | |
| Stronghold | 1 | |
| Beastiary | 1 | |
| Spirit Lodge | 1 | |
| War Mill | 1 | |
12 total
» build order
00:05 Altar of Storms
00:24 Orc Burrow
00:38 Barracks
01:34 Orc Burrow
02:21 Voodoo Lounge
03:32 Stronghold
04:44 Orc Burrow
05:44 Orc Burrow
06:01 Beastiary
06:26 Spirit Lodge
08:10 Orc Burrow
12:09 War Mill
» items
| Healing Salve | 4 | |
| Lesser Clarity Potion | 2 | |
| Scroll of Town Portal | 2 | |
| Potion of Healing | 1 | |
9 total

»
TIMG4Strok (
teal | 182 APM | 2268 actions | 12:28)
2 Blademaster
1 Wind Walk
1 Critical Strike
2 Shadow Hunter
1 Hex
1 Healing Wave
» actions
| Assign group hotkey | 20 | |
| Basic commands | 60 | |
| Build / train | 42 | |
| ESC pressed | 1 | |
| Enter build submenu | 10 | |
| Enter hero's abilities submenu | 4 | |
| Right click | 1010 | |
| Select / deselect | 174 | |
| Select group hotkey | 906 | |
| Use ability | 41 | |
2268 total
» units
| Peon | 8 | |
| Grunt | 10 | |
| Raider | 6 | |
| Spirit Walker | 1 | |
25 total
» upgrades
| Berserker Strength | 1 | |
| Pillage | 1 | |
| Ensnare | 1 | |
| Spirit Walker Training | 1 | |
| Melee Weapons | 1 | |
5 total
» buildings
| Altar of Storms | 1 | |
| Orc Burrow | 4 | |
| Barracks | 1 | |
| Voodoo Lounge | 1 | |
| Stronghold | 1 | |
| Beastiary | 1 | |
| Spirit Lodge | 1 | |
| War Mill | 1 | |
11 total
» build order
00:02 Altar of Storms
00:08 Orc Burrow
00:27 Barracks
01:27 Orc Burrow
01:55 Voodoo Lounge
03:37 Stronghold
03:44 Orc Burrow
05:20 Orc Burrow
06:59 Beastiary
07:00 Spirit Lodge
08:43 War Mill
» items
| Healing Salve | 1 | |
| Lesser Clarity Potion | 2 | |
| Scroll of Speed | 1 | |
4 total
team 2 (loser)
bd2000 (
red | 119 APM | 1456 actions | 12:13)
3 Archmage
2 Summon Water Elemental
1 Brilliance Aura
» actions
| Assign group hotkey | 24 | |
| Basic commands | 174 | |
| Build / train | 83 | |
| ESC pressed | 8 | |
| Enter build submenu | 19 | |
| Enter hero's abilities submenu | 3 | |
| Right click | 616 | |
| Select / deselect | 340 | |
| Select group hotkey | 95 | |
| Use ability | 94 | |
1456 total
» units
» upgrades
» buildings
| Altar of Kings | 2 | |
| Barracks | 1 | |
| Farm | 5 | |
| Scout Tower | 8 | |
| Arcane Tower | 3 | |
| Lumber Mill | 2 | |
| Keep | 4 | |
| Arcane Vault | 1 | |
| Guard Tower | 11 | |
37 total
» build order
00:04 Altar of Kings
00:19 Barracks
00:33 Farm
00:49 Farm
01:43 Farm
01:45 Scout Tower
02:04 Farm
02:31 Arcane Tower
02:31 Arcane Tower
04:05 Lumber Mill
04:07 Scout Tower
04:09 Lumber Mill
05:26 Keep
07:39 Arcane Vault
08:05 Farm
10:00 Guard Tower
10:00 Guard Tower
10:00 Guard Tower
10:09 Guard Tower
10:09 Guard Tower
10:21 Scout Tower
10:21 Scout Tower
10:22 Scout Tower
10:23 Scout Tower
10:57 Guard Tower
10:57 Guard Tower
10:58 Guard Tower
11:31 Altar of Kings
11:33 Scout Tower
11:35 Scout Tower
» items
| Scroll of Regeneration | 2 | |
| Ivory Tower | 6 | |
| Lesser Clarity Potion | 1 | |
9 total
dav1d. (
pink | 116 APM | 1423 actions | 12:15)
2 Blademaster
1 Wind Walk
1 Critical Strike
1 Shadow Hunter
1 Healing Wave
» actions
| Assign group hotkey | 17 | |
| Basic commands | 18 | |
| Build / train | 28 | |
| Enter build submenu | 19 | |
| Enter hero's abilities submenu | 3 | |
| Right click | 776 | |
| Select / deselect | 190 | |
| Select group hotkey | 321 | |
| Use ability | 51 | |
1423 total
» units
» upgrades
| Berserker Strength | 1 | |
| Spiked Barricades | 1 | |
2 total
» buildings
| Altar of Storms | 1 | |
| Orc Burrow | 9 | |
| Barracks | 1 | |
| Voodoo Lounge | 3 | |
| Stronghold | 1 | |
| War Mill | 1 | |
| Beastiary | 1 | |
| Watch Tower | 1 | |
| Great Hall | 1 | |
19 total
» build order
00:05 Altar of Storms
00:19 Orc Burrow
00:36 Barracks
01:33 Orc Burrow
02:04 Voodoo Lounge
03:42 Orc Burrow
03:47 Orc Burrow
04:23 Orc Burrow
04:49 Stronghold
04:53 Orc Burrow
04:56 Voodoo Lounge
06:53 Orc Burrow
06:54 Orc Burrow
06:56 Orc Burrow
07:13 War Mill
08:24 Beastiary
09:39 Watch Tower
11:17 Great Hall
11:22 Voodoo Lounge
» items
| Healing Salve | 1 | |
| Scroll of Speed | 1 | |
2 total
m1key. (
purple | 92 APM | 1151 actions | 12:27)
1 Death Knight
1 Death Coil
2 Crypt Lord
1 Impale
1 Carrion Beetles
» actions
| Assign group hotkey | 20 | |
| Basic commands | 81 | |
| Build / train | 28 | |
| Enter build submenu | 15 | |
| Enter hero's abilities submenu | 3 | |
| Remove unit from queue | 1 | |
| Right click | 617 | |
| Select / deselect | 103 | |
| Select group hotkey | 229 | |
| Use ability | 54 | |
1151 total
» units
| Acolyte | 2 | |
| Ghoul | 4 | |
| Crypt Fiend | 7 | |
13 total
» buildings
| Crypt | 1 | |
| Altar of Darkness | 1 | |
| Ziggurat | 5 | |
| Tomb of Relics | 1 | |
| Nerubian Tower | 1 | |
| Graveyard | 1 | |
| Halls of the Dead | 1 | |
| Sacrificial Pit | 1 | |
| Black Citadel | 1 | |
| Spirit Tower | 1 | |
| Boneyard | 3 | |
17 total
» build order
00:09 Crypt
00:13 Altar of Darkness
00:34 Ziggurat
00:54 Tomb of Relics
01:28 Nerubian Tower
01:39 Ziggurat
02:16 Graveyard
03:39 Halls of the Dead
05:03 Ziggurat
05:43 Ziggurat
07:45 Sacrificial Pit
07:49 Black Citadel
09:38 Spirit Tower
09:42 Ziggurat
11:22 Boneyard
11:24 Boneyard
11:26 Boneyard
» items
| Rod of Necromancy | 3 | |
| Dust of Appearance | 2 | |
5 total
Chat log
(00:09 / All) dav1d.: hi
(00:19 / All) TIMG4Strok: welkommen
(00:21 / All) BEAR_AND: greet
(02:59 / All) iggy_the_fisk: yoyoyo quitquitquit
(06:49 / All) TIMG4Strok: so bad
(12:16 / All) TIMG4Strok: gg nubs
(12:21 / All) BEAR_AND: BYE
(12:26 / All) m1key.: lawl